 Dungeon Crawl Stone Soup version 0.19.4 (webtiles) character file.

1206 Mefis the Thaumaturge (level 8, -3/41 HPs)
             Began as a Deep Elf Wizard on Jan 31, 2017.
             Slain by a bullfrog (5 damage)
             ... on level 7 of the Dungeon.
             The game lasted 00:15:29 (7233 turns).

Mefis the Thaumaturge (Deep Elf Wizard)             Turns: 7233, Time: 00:15:30

Health: -3/41      AC:  2    Str:  4    XL:     8   Next: 21%
Magic:  6/22       EV: 14    Int: 26    God:
Gold:   159        SH:  0    Dex: 13    Spells: 7 memorised, 8 levels left

rFire  . . .     SeeInvis .     C - +0 scythe (protect)
rCold  . . .     Gourm    +     a - +0 robe
rNeg   . . .     Faith    .     (shield currently unavailable)
rPois  .         Spirit   .     b - +0 hat
rElec  .         Reflect  .     (no cloak)
rCorr  .         Harm     .     (no gloves)
MR     +....                    (no boots)
Stlth  +++.......               x - amulet of the gourmand
                                (no ring)
                                m - ring of protection from magic

@: repel missiles
A: no striking features
a: no special abilities


You were on level 7 of the Dungeon.
You were hungry.

You visited 1 branch of the dungeon, and saw 7 of its levels.

You collected 249 gold pieces.
You spent 90 gold pieces at shops.

Inventory:

Hand Weapons
 g - a +0 hunting sling
 i - a +0 dagger
 k - a +0 hunting sling
 C - a +0 scythe of protection (weapon)
 J - a +0 hunting sling
Missiles
 e - 3 needles of sleeping
 y - 15 poisoned needles
 D - 5 javelins (quivered)
 N - 4 needles of confusion
 O - 26 sling bullets
Armour
 a - a +0 robe (worn)
 b - a +0 hat (worn)
Jewellery
 m - a ring of protection from magic (left hand)
 x - an amulet of the gourmand (around neck)
Wands
 v - a wand of slowing (14/48)
 A - a wand of digging (1/24)
 G - a wand of confusion (27/48)
 L - a wand of teleportation (6/9)
Scrolls
 h - 2 scrolls of noise {unknown}
 p - 2 scrolls of enchant armour {unknown}
 q - 4 scrolls of enchant weapon {unknown}
 r - 5 scrolls of identify {unknown}
 t - 2 scrolls of amnesia {unknown}
 u - 2 scrolls of remove curse {unknown}
 w - a scroll of fear {unknown}
 H - 4 scrolls of blinking {unknown}
 K - 2 scrolls of recharging {unknown}
Potions
 f - 2 potions of lignification {unknown}
 j - 2 potions of flight {unknown}
 l - 4 potions of curing
 n - a potion of degeneration {unknown}
 o - a potion of ambrosia {unknown}
 B - a potion of mutation {unknown}
 E - a potion of berserk rage {unknown}
 I - a potion of heal wounds {unknown}
 M - a potion of might {unknown}
Books
 c - a book of Minor Magic

   Spells                             Type                      Level
   a - Magic Dart                     Conjuration                  1
   b - Blink                          Translocation                2
   c - Call Imp                       Summoning                    2
   d - Repel Missiles                 Charms/Air                   2
   e - Slow                           Hexes                        2
   f - Conjure Flame                  Conjuration/Fire             3
   g - Mephitic Cloud                 Conjuration/Poison/Air       3
Comestibles
 d - 3 bread rations
 s - a slice of pizza
 z - 3 meat rations
 F - a beef jerky


   Skills:
 + Level 4.7 Dodging
 + Level 5.0 Stealth
 * Level 8.1 Spellcasting
 + Level 4.3 Conjurations
 + Level 3.0 Hexes
 - Level 1.1 Summonings
 - Level 1.1 Translocations
 + Level 3.0 Air Magic
 + Level 3.6 Poison Magic


You had 8 spell levels left.
You knew the following spells:

 Your Spells              Type           Power        Failure   Level  Hunger
a - Magic Dart            Conj           ####         1%          1    None
b - Call Imp              Summ           ###.....     6%          2    None
c - Blink                 Tloc           N/A          6%          2    None
d - Repel Missiles        Chrm/Air       ###...       4%          2    None
e - Mephitic Cloud        Conj/Pois/Air  ####....     4%          3    None
f - Conjure Flame         Conj/Fire      ###.....     10%         3    None
g - Slow                  Hex            ####....     2%          2    None


Dungeon Overview and Level Annotations

Branches:
Dungeon (6/15)
 Temple: D:4-7

Altars:
Fedhas
Kikubaaqudgha
Makhleb
Xom
Zin

Annotations:
D:4 bananaglory's ghost, amateur HOGl
D:6 Pikel


Message History

You swap places.
The bullfrog hits your crimson imp.
Your crimson imp misses the bullfrog.
The bullfrog hits your crimson imp!
Your crimson imp dies!
Found a stone staircase leading down.
Casting: Call Imp
Confirm with . or Enter, or press ? or * to list all spells.
Aiming: Mephitic Cloud
Press: ? - help, Shift-Dir - straight line, f/p - bullfrog
Aim: a bullfrog (almost dead)
The ball explodes into a vile cloud!
The stinking cloud engulfs the bullfrog.
The bullfrog is almost dead.
The stinking cloud engulfs the worker ant.
You hear an angry hiss.
The bullfrog is engulfed in noxious fumes.
The bullfrog appears confused.
The worker ant waves its antennae.
The bullfrog hits you.
You die...

#.....(..####
##............
#....>...>....
#......###....
#####.....#
...
#.'_'.....# .
#(###...%.#
#.##......###
#.a§§@......#
####F.......#
#.......!#
#........#
#........#
#####...>#
....# ....#


You could see a bullfrog (confused) and a worker ant.

Vanquished Creatures
  Sigmund (D:2)
  3 ogres
  A centaur (D:5)
  A bullfrog (D:6)
  A scorpion (D:3)
  A bullfrog zombie (D:5)
  A hound (D:4)
  A centaur skeleton (D:4)
  A jelly (D:5)
  2 orc priests (D:4)
  Jessica (D:2)
  2 worker ants (D:4)
  3 gnolls (D:4)
  9 adders
  2 shadow imps
  2 adder zombies
  3 adder skeletons
  A dart slug (D:1)
  5 leopard geckos
  9 orcs
  7 giant cockroaches
  17 goblins
  13 hobgoblins
  5 jackals
  7 kobolds
  A quokka (D:5)
  A ball python skeleton (D:4)
  7 bats
  5 frilled lizards
  8 rats
121 creatures vanquished.

Vanquished Creatures (collateral kills)
  2 hounds
  A gnoll shaman (D:4)
  Robin (D:2)
  An orc (D:2)
  5 goblins (D:2)
  2 hobgoblins (D:2)
12 creatures vanquished.

Grand Total: 133 creatures vanquished

Notes
Turn   | Place    | Note
-------+----------+-------------------------------------------
     0 | D:1      | Mefis the Deep Elf Wizard began the quest for the Orb.
     0 | D:1      | Reached XP level 1. HP: 10/10 MP: 7/7
   190 | D:1      | Reached XP level 2. HP: 11/15 MP: 1/9
   195 | D:1      | Learned a level 2 spell: Call Imp
   198 | D:1      | Learned a level 2 spell: Blink
   201 | D:1      | Learned a level 2 spell: Repel Missiles
   306 | D:1      | Reached skill level 5 in Spellcasting
   874 | D:1      | Reached XP level 3. HP: 19/19 MP: 7/11
   903 | D:1      | Learned a level 3 spell: Mephitic Cloud
  1382 | D:2      | Noticed Robin
  1412 | D:2      | You fall through a shaft!
  1861 | D:2      | Found Zin's Purification Station.
  1862 | D:2      | Noticed Jessica
  1865 | D:2      | Killed Jessica
  1865 | D:2      | Reached XP level 4. HP: 24/24 MP: 8/13
  1870 | D:2      | Learned a level 3 spell: Conjure Flame
  1870 | D:2      | Found a glowing silver altar of Zin.
  1888 | D:2      | Reached skill level 1 in Poison Magic
  2044 | D:2      | Killed Robin
  2073 | D:2      | Noticed Sigmund
  2129 | D:1      | Reached skill level 1 in Air Magic
  2333 | D:2      | Killed Sigmund
  2333 | D:2      | Reached skill level 6 in Spellcasting
  2333 | D:2      | Reached XP level 5. HP: 18/28 MP: 0/15
  2333 | D:2      | Reached XP level 6. HP: 21/32 MP: 0/17
  2337 | D:2      | Learned a level 2 spell: Slow
  2585 | D:2      | Bought a potion of curing for 90 gold pieces
  3503 | D:3      | Reached skill level 1 in Hexes
  4697 | D:4      | Noticed bananaglory's ghost (amateur HOGl)
  4738 | D:3      | Reached XP level 7. HP: 31/36 MP: 1/19
  5079 | D:4      | Reached skill level 7 in Spellcasting
  5948 | D:5      | Entered Level 5 of the Dungeon
  5955 | D:5      | Found a blossoming altar of Fedhas.
  5985 | D:5      | Found a shimmering altar of Xom.
  6220 | D:5      | Found an ancient bone altar of Kikubaaqudgha.
  6354 | D:5      | Found a blossoming altar of Fedhas.
  6404 | D:5      | Reached XP level 8. HP: 36/41 MP: 8/21
  7120 | D:6      | Reached skill level 8 in Spellcasting
  7171 | D:6      | Noticed Pikel
  7206 | D:6      | You fall through a shaft!
  7211 | D:7      | Found a burning altar of Makhleb.
  7224 | D:7      | Reached skill level 5 in Stealth
  7229 | D:7      | HP: 1/41 [bullfrog (7)]
  7233 | D:7      | Slain by a bullfrog

Skill      XL: |  1  2  3  4  5  6  7  8 |
---------------+-------------------------+-----
Spellcasting   | 5 6 7 8 |  8.1
Stealth        | 3 4 5 |  5.0
Conjurations   | 2 3 4 |  4.3
Poison Magic   | 1 2 3 |  3.6
Dodging        | 3 4 |  4.7
Air Magic      | 1 2 3 |  3.0
Hexes          | 1 2 3 |  3.0
Summonings     | |  1.1
Translocations | |  1.1

Action                   |  1- 3 |  4- 6 |  7- 9 || total
-------------------------+-------+-------+-------++-------
Melee: Dagger            |    24 |     6 |       ||    30
       Scythe            |       |    19 |    24 ||    43
Throw: Javelin           |       |       |     1 ||     1
 Cast: Magic Dart        |    86 |   132 |   127 ||   345
       Repel Missiles    |     2 |     1 |       ||     3
       Call Imp          |     3 |     2 |     9 ||    14
       Blink             |     1 |     6 |     3 ||    10
       Mephitic Cloud    |       |    10 |     5 ||    15
       Conjure Flame     |       |     2 |     1 ||     3
 Stab: Sleeping          |       |     1 |     1 ||     2
       Distracted        |       |     1 |       ||     1
       Confused          |       |     1 |       ||     1
  Eat: Chunk             |     2 |     8 |     7 ||    17
       Pizza             |       |       |     1 ||     1
Armor: Robe              |     4 |    11 |     8 ||    23
Dodge: Dodged            |    32 |    51 |    54 ||   137
       Deflected         |     1 |     1 |     1 ||     3
